 Dungeon Crawl Stone Soup version 0.21-a0-440-g28109cb (webtiles) character file.

77 sagitran the Shield-Bearer (level 4, 0/37 HPs)
             Began as a Barachi Fighter on Nov 11, 2017.
             Slain by Natasha (5 damage)
             ... on level 2 of the Dungeon.
             The game lasted 00:05:48 (1342 turns).

sagitran the Shield-Bearer (Barachi Fighter)        Turns: 1342, Time: 00:05:49

Health: 0/37       AC:  9    Str: 23    XL:     4   Next: 33%
Magic:  4/4        EV:  8    Int:  9    God:
Gold:   51         SH: 10    Dex: 11    Spells: 3/3 levels left

rFire    . . .     SeeInvis .   a - +0 long sword
rCold    . . .     Gourm    .   c - +0 shield
rNeg     . . .     Faith    .   b - +0 scale mail
rPois    .         Spirit   .   (no helmet)
rElec    .         Reflect  .   (no cloak)
rCorr    .         Harm     .   (no gloves)
MR       .....                  (no boots)
Stlth    ..........             (no amulet)
HPRegen  0.12/turn              (no ring)
MPRegen  0.09/turn              (no ring)

@: mighty, slow
A: +LOS, swims, molten scales 1, mutation resistance 1, slowness 1, MP-powered
wands, strong legs 1
a: Hop


You were on level 2 of the Dungeon.
You were not hungry.

You visited 1 branch of the dungeon, and saw 2 of its levels.

You collected 51 gold pieces.

Inventory:

Hand Weapons
 a - a +0 long sword (weapon)
Missiles
 i - 2 poisoned tomahawks (quivered)
Armour
 b - a +0 scale mail (worn)
 c - a +0 shield (worn)
Scrolls
 e - a scroll of teleportation {unknown}
Comestibles
 f - a bread ration
 g - 2 chunks of flesh


   Skills:
 + Level 4.0 Fighting
 + Level 3.3 Long Blades
 + Level 4.1 Armour
 + Level 1.0 Dodging
 + Level 4.2 Shields


You had 3 spell levels left.
You didn't know any spells.

Dungeon Overview and Level Annotations

Branches:
Dungeon (2/15)

Altars:
Sif Muna
Trog

Annotations:
D:2 Natasha


Innate Abilities, Weirdness & Mutations

Shadows flee at your approach. (+LOS)
You can swim through water.
You cover ground slowly.
You can hop short distances.
You are partially covered in molten scales. (AC +2)
You are somewhat resistant to further mutation.
You expend magic power (3 MP) to strengthen your wands.


Message History

You feel genetically stable. Natasha claws you.
* * * LOW HITPOINT WARNING * * *
The crimson imp closely misses you.
You feel very mighty all of a sudden. You block Natasha's attack.
The crimson imp hits you but does no damage.
Your shield and scale mail prevent you from hitting Natasha.
Natasha is lightly wounded.
The shadow imp laughs crazily.
Natasha claws you.
* * * LOW HITPOINT WARNING * * *
The crimson imp hits you.
* * * LOW HITPOINT WARNING * * *
You closely miss Natasha.
Natasha is lightly wounded.
You block Natasha's attack.
The crimson imp hits you but does no damage.
Natasha claws you.
You die...

#### ####
#.(.# #.._..##
.(.... ≈(.(≈.#
...... ≈≈.≈g.
....... ≈.≈g
......(# ≈.≈
.......5###.#
#.5h##.#
###5@..###
###....#####
####.....# #
#####.#######.
#.....##..
#####.##.#
#.#... ##..<..
#######......


You could see Natasha, a crimson imp, a white imp and a shadow imp.

Vanquished Creatures
  3 gnolls (D:2)
  A worm (D:1)
  A dart slug (D:1)
  A ball python (D:1)
  3 giant cockroaches (D:1)
  3 goblins (D:1)
  7 hobgoblins
  3 jackals (D:1)
  6 kobolds
  7 bats
  2 frilled lizards
  4 rats (D:1)
41 creatures vanquished.

Notes
Turn   | Place    | Note
-------+----------+-------------------------------------------
     0 | D:1      | sagitran the Barachi Fighter began the quest for the Orb.
     0 | D:1      | Reached XP level 1. HP: 18/18 MP: 1/1
   172 | D:1      | Reached XP level 2. HP: 24/25 MP: 2/2
   455 | D:1      | Reached XP level 3. HP: 27/30 MP: 3/3
  1254 | D:2      | Reached skill level 1 in Dodging
  1254 | D:2      | Reached XP level 4. HP: 31/37 MP: 4/4
  1286 | D:2      | Found a deep blue altar of Sif Muna.
  1324 | D:2      | Found a bloodstained altar of Trog.
  1329 | D:2      | Noticed Natasha
  1339 | D:2      | Gained mutation: You are partially covered in molten scales. (AC +2) [potion of mutation]
  1339 | D:2      | Gained mutation: You expend magic power (3 MP) to strengthen your wands. [potion of mutation]
  1339 | D:2      | Gained mutation: You are somewhat resistant to further mutation. [potion of mutation]
  1342 | D:2      | Slain by Natasha

Vault maps used:
D:1:      lordsloth_arrival_two_stooges, minivault_25, hangedman_feature_mirror,
          minmay_stone_trees_small
D:2:      overflow_temple_1_default, trog_hazing_becter, uniq_natasha

Skill      XL: |  1  2  3  4 |
---------------+-------------+-----
Shields        | 4 |  4.2
Armour         | 4 |  4.1
Long Blades    | 3 |  3.3
Dodging        | 1 |  1.0
Fighting       | 4 |  4.0

Action                   |  1- 3 |  4- 6 || total
-------------------------+-------+-------++-------
Melee: Long sword        |   133 |    22 ||   155
Throw: Tomahawk          |       |     3 ||     3
  Use: Potion            |       |     3 ||     3
  Eat: Bread ration      |     1 |       ||     1
       Chunk             |     1 |       ||     1
Armor: Scale mail        |    68 |     6 ||    74
Dodge: Dodged            |    49 |     4 ||    53
Block: Shield            |    69 |    13 ||    82
       Rpst.: Long sword |    11 |     1 ||    12

Table legend:
 A = Spawn XP
 B = Non-spawn XP
 C = Spawn XP percentage of total XP
 D = Spawn monster count
 E = Non-spawn monster count
 F = Spawn count percentage of total count
 G = Total turns spent on level
                    A         B        C        D         E        F      G
               +---------+---------+-------+---------+---------+-------+---------
         Total |       0 |     110 |   0.0 |       0 |      41 |   0.0 |  1342
               +---------+---------+-------+---------+---------+-------+---------
           D:1 |       0 |      62 |   0.0 |       0 |      34 |   0.0 |  1222
           D:2 |       0 |      48 |   0.0 |       0 |       7 |   0.0 |   120
               +---------+---------+-------+---------+---------+-------+---------
